 Dungeon Crawl Stone Soup version 0.32-a0-42-ga30500b4d3 (webtiles) character file.

Game seed: 7678591337241899907

10512 jlumianski the Grappler (level 11, 0/126 HPs)
             Began as a Gnoll Shapeshifter on Feb 2, 2024.
             Was an Elder of Wu Jian.
             Constricted to death by Erica (3 damage)
             ... on level 10 of the Dungeon.
             The game lasted 01:34:07 (13921 turns).

jlumianski the Grappler (Gnoll Shapeshifter)       Turns: 13921, Time: 01:34:07

Health: 0/126      AC:  8    Str: 23    XL:     11   Next: 63%
Magic:  13/21      EV: 15    Int: 11    God:    Wu Jian [****..]
Gold:   1716       SH:  0    Dex: 11    Spells: 7/23 levels left

rFire   . .          .
                       - Unarmed
rCold   . . .        (shield currently unavailable)
rNeg    . . .        x - melded +0 chain mail
rPois   .            T - +1 helmet
rElec   .            D - +1 cloak
rCorr   .            G - +1 pair of gloves
SInv    .            m - +0 pair of boots
Will    .....        (no amulet) Stlth
                     k - +6 ring of strength
HPRegen 0.41/turn    s - ring of wizardry
MPRegen 0.17/turn

%: wizardry (x1)
@: berserking, flux-form, glowing, constricted, studying 2 skills, very quick
A: glow, contaminating, fangs 1, strong nose, distributed training
a: Begin Untransformation, Renounce Religion, Wall Jump, Serpent's Lash


You were on level 10 of the Dungeon.
You worshipped Wu Jian.
Wu Jian was greatly pleased with you.
You were something dangerously unstable.
You visited 2 branches of the dungeon, and saw 12 of its levels.
You also visited: Ossuary and Bailey.

You collected 1770 gold pieces.
You spent 54 gold pieces at shops.

Inventory:

Hand Weapons
 i - a +1 vampiric triple sword
 C - the +1 falchion "Yckaimaj" {flame, rF+++ rC+ Will- Str+3 Int-5}
   (You found it on level 9 of the Dungeon)

   Str+3:     It affects your strength (+3).
   Int-5:     It affects your intelligence (-5).
   rF+++:     It renders you almost immune to fire.
   rC+:       It protects you from cold.
   Will-:     It decreases your willpower.
 V - the +6 trident "Keforuah" {heavy, rC++ Dex-4}
   (You found it on level 7 of the Dungeon)

   Dex-4:     It affects your dexterity (-4).
   rC++:      It greatly protects you from cold.
Missiles
 a - 15 javelins
 p - 14 boomerangs (quivered)
 P - a throwing net
 U - 18 poisoned darts
Armour
 m - a +0 pair of boots (worn)
 x - a +0 chain mail (melded)
 A - the +0 robe of Green Liberty {^Contam +Blink rElec rPois Dex+6}
   (You found it on level 5 of the Dungeon)

   Dex+6:     It affects your dexterity (+6).
   rElec:     It insulates you from electricity.
   rPois:     It protects you from poison +Blink: It lets you blink.
   ^Contam:   It causes magical contamination when unequipped.
 D - a +1 cloak (worn)
 G - a +1 pair of gloves (worn)
 T - a +1 helmet (worn)
 W - a +0 plate armour
 X - an orb of mayhem
Jewellery
 e - the ring of the Jester {rPois rF+ Int+3}
   (You found it on level 2 of the Dungeon)

   [ring of protection from fire]

   Int+3:     It affects your intelligence (+3).
   rF+:       It protects you from fire.
   rPois:     It protects you from poison
 f - a +6 ring of strength
 h - the ring of Utubyo {Ice ^Drain +Blink Dex+4}
   (You found it on level 5 of the Dungeon)

   [ring of ice]

   Ice:       It enhances your ice magic.
   Dex+4:     It affects your dexterity (+4).
   rF-:       It makes you vulnerable to fire.
   rC+:       It protects you from cold.
   +Blink:    It lets you blink.
   ^Drain:    It drains your maximum health when unequipped.
 k - a +6 ring of strength (left hand)
 s - a ring of wizardry (right hand)
 L - a ring of flight
 Y - a ring of willpower
Talismans
 d - a flux talisman (active)
 j - a beast talisman
 o - a serpent talisman
 R - a maw talisman
Wands
 q - a wand of iceblast (13)
 t - a wand of mindburst (7)
 S - a wand of digging (3)
Scrolls
 l - 2 scrolls of teleportation
 u - a scroll of silence
 v - a scroll of brand weapon
 w - 2 scrolls of fog
 y - 4 scrolls of poison
 z - a scroll of butterflies
 B - 2 scrolls of amnesia
 E - a scroll of revelation
 K - a scroll of immolation
 M - 2 scrolls of enchant weapon {unknown}
Potions
 b - 6 potions of lignification
 c - 4 potions of brilliance
 g - 6 potions of curing
 n - 5 potions of attraction
 r - a potion of enlightenment
 H - a potion of magic
 I - a potion of mutation {unknown}
 J - a potion of invisibility
 N - a potion of ambrosia {unknown}
 O - a potion of resistance


   Skills:
 + Level 7.2 Fighting
 + Level 6.7 Short Blades
 + Level 6.7 Long Blades
 + Level 6.7 Axes
 + Level 6.7 Maces & Flails
 + Level 6.7 Polearms
 + Level 6.7 Staves
 + Level 6.7 Ranged Weapons
 + Level 6.7 Throwing
 + Level 6.7 Armour
 + Level 8.2 Dodging
 + Level 6.7 Stealth
 + Level 7.3 Shields
 + Level 9.5 Unarmed Combat
 + Level 6.7 Spellcasting
 + Level 5.5 Conjurations
 + Level 5.5 Hexes
 + Level 5.5 Summonings
 + Level 5.5 Necromancy
 + Level 5.5 Translocations
 + Level 5.5 Fire Magic
 + Level 5.5 Ice Magic
 + Level 5.5 Air Magic
 + Level 5.5 Earth Magic
 + Level 6.8 Alchemy
 + Level 7.4 Invocations
 + Level 6.7 Evocations
 + Level 9.1 Shapeshifting


You had 7 spell levels left.
You knew the following spells:

 Your Spells              Type           Power      Damage    Failure   Level
a - Mephitic Cloud        Conj/Alch/Air  16%        N/A       1%          3
b - Summon Lightning Spi  Summ/Air       16%        N/A       8%          4
c - Brom's Barrelling Bo  Conj/Erth      16%        2d4       8%          4
d - Blink                 Tloc           32%        N/A       1%          2
e - Stone Arrow           Conj/Erth      32%        3d9       2%          3

Your spell library contained the following spells:

 Spells                   Type           Power      Damage    Failure   Level
 Magic Dart               Conj           64%        1d6       1%          1
 Sandblast                Erth           32%        2d9       1%          1
 Slow                     Hex            64%        N/A       1%          1
 Call Imp                 Summ           32%        N/A       1%          2
 Static Discharge         Conj/Air       32%        3-5/arc   1%          2
 Confusing Touch          Hex            16%        N/A       2%          3
 Dazzling Flash           Conj/Hex       32%        N/A       2%          3
 Passwall                 Erth           16%        N/A       2%          3
 Sigil of Binding         Hex            16%        N/A       2%          3
 Vampiric Draining        Necr           16%        2d7       2%          3
 Airstrike                Air            8%         2d(2-18)  8%          4
 Curse of Agony           Necr           16%        N/A       21%         5
 Silence                  Hex/Air        8%         N/A       21%         5


Dungeon Overview and Level Annotations

Branches:
Dungeon (11/15)            Temple (1/1) D:4         Ossuary (visited)
 Bailey (visited)
   Lair: D:8-11         Orc: D:9-12

Altars:
Ashenzari
Cheibriados
Dithmenos
Elyvilon
Fedhas
Gozag
Hepliaklqana
Kikubaaqudgha
Makhleb
Nemelex Xobeh
Okawaru
Qazlal
Ru
Sif Muna
Trog
Uskayaw
Vehumet
Wu Jian
Xom
Yredelemnul
Zin
The Shining One

Shops:
D:3 (   D:4 [   D:9 *

Annotations:
D:10 Erica


Innate Abilities, Weirdness & Mutations

You are something dangerously unstable.
You glow with magical radiation, making you easy to see and hit.
Foes you strike become dangerously contaminated with magical radiation.
You are incapable of wielding weapons or throwing items.
You have very sharp teeth.
Your uncanny sense of smell can sniff out nearby items.
Your experience applies equally to all skills.


Message History

The bolt of electricity hits Erica!
Erica zaps a wand.
The bolt of dispelling energy misses you.
Erica constricts you.
You hit Erica.
Erica glows dangerously bright.
Erica is heavily wounded.
Your lightning spire shoots out a bolt of lightning at Erica!
The bolt of electricity misses Erica.
Erica zaps a wand.
The bolt of dispelling energy hits you!
Your magical effects are unravelling.
Erica constricts you.
You barely miss Erica.
Erica is heavily wounded.
You feel yourself speed up.
Your lightning spire shoots out a bolt of lightning at Erica!
The bolt of electricity hits Erica!
Erica hits your lightning spire with a +2 scimitar of flaming!
Your lightning spire is destroyed!
Your lightning spire disappears in a puff of smoke!
Erica constricts you.
Erica shouts!
You barely miss Erica.
Erica is severely wounded.
Erica zaps a wand.
The bolt of dispelling energy hits you!
* * * LOW HITPOINT WARNING * * *
Erica constricts you.
* * * LOW HITPOINT WARNING * * *
You closely miss Erica.
Erica is severely wounded.
Erica hits you with a +2 scimitar of flaming!
* * * LOW HITPOINT WARNING * * *
Erica burns you.
* * * LOW HITPOINT WARNING * * *
Erica constricts you.
* * * LOW HITPOINT WARNING * * *
A red film seems to cover your vision as you go berserk!
You feel yourself moving faster!
You feel mighty!
Erica zaps a wand.
The bolt of dispelling energy misses you.
Erica constricts you.
You die...
Erica begins burbling mirthfully and uncontrollably.

#.##.# #.○ #y#.#
. ..° #.x##
.###.# # #.>#
..##.###..## #..#
#.##........
#.#.#
#.#/.###..##
#.##.##..#.# ..#
#.# #..x##.# #.#
#.####§p.#.# #.#
#..........# #.#
#.####...#.####.#
#. ##.........#
####.###..####.#
#.# #.......# #.#
#.####..#.#.# #.#
#......## .. #.#
###.#.## .#


You could see Erica (invisible, heavy contam).

Vanquished Creatures
  A two-headed ogre (D:8)
  Nergalle (D:10)
  Psyche (D:10)
  Grinder (D:4)
  Prince Ribbit (D:7)
  Sigmund (D:2)
  7 yaks
  A wyvern (D:8)
  2 steam dragons (D:6)
  Menkaure (D:4)
  Duvessa (D:4)
  A water moccasin (D:7)
  4 ice beasts (D:5)
  12 orc warriors
  A black bear (D:5)
  2 ogres (D:7)
  15 centaurs
  A phantom (D:4)
  2 elf zombies (Ossuary)
  A bullfrog (D:9)
  2 kobold brigands
  3 scorpions (D:6)
  9 wights
  Dowan (D:4)
  A troll zombie (Ossuary)
  15 killer bees
  5 howler monkeys
  3 centaur zombies (Ossuary)
  A human zombie (Ossuary)
  2 jellies (D:6)
  A bombardier beetle (D:5)
  2 gnoll boudas
  2 hounds (D:4)
  2 orc priests
  Crazy Yiuf (D:4)
  2 sleepcaps
  Jessica (D:2)
  Natasha (twice) (D:3)
  An iguana (D:4)
  3 orc wizards
  An ogre zombie (Ossuary)
  7 mummies (Ossuary)
  11 adders
  5 gnolls
  A shadow imp (D:7)
  2 adder zombies (Ossuary)
  5 dart slugs
  48 orcs
  5 endoplasms
  6 giant cockroaches
  6 goblins
  15 hobgoblins
  3 jackals (D:1)
  5 quokkas
  4 ball pythons
  2 bats (D:2)
  5 frilled lizards
  3 goblin zombies (Ossuary)
  4 hobgoblin zombies (Ossuary)
  13 kobolds
  3 kobold zombies (Ossuary)
  9 quokka zombies (Ossuary)
  8 rats
  A rat zombie (Ossuary)
288 creatures vanquished.

Vanquished Creatures (collateral kills)
  A manticore (D:10)
  Jeremiah (D:7)
  2 orc warriors (Bailey)
  5 orcs
  A kobold (D:8)
  17 boulders
27 creatures vanquished.

Vanquished Creatures (others)
  7 boulders
7 creatures vanquished.

Grand Total: 322 creatures vanquished

Notes
Turn   | Place    | Note
-------+----------+-------------------------------------------
     0 | D:1      | jlumianski the Gnoll Shapeshifter began the quest for the
                  | Orb.
     0 | D:1      | Reached XP level 1. HP: 17/17 MP: 1/1
    88 | D:2      | Reached XP level 2. HP: 16/23 MP: 2/2
   111 | D:2      | Identified the ring of the Jester {rPois rF+ Int+3}
   148 | D:2      | Reached XP level 3. HP: 21/28 MP: 3/3
   252 | D:2      | Noticed Jessica
   261 | D:2      | Killed Jessica
   262 | D:2      | Reached skill level 1 in Short Blades
   262 | D:2      | Reached skill level 1 in Long Blades
   262 | D:2      | Reached skill level 1 in Axes
   262 | D:2      | Reached skill level 1 in Maces & Flails
   262 | D:2      | Reached skill level 1 in Polearms
   262 | D:2      | Reached skill level 1 in Staves
   262 | D:2      | Reached skill level 1 in Ranged Weapons
   262 | D:2      | Reached skill level 1 in Throwing
   262 | D:2      | Reached skill level 1 in Armour
   262 | D:2      | Reached skill level 1 in Stealth
   262 | D:2      | Reached skill level 1 in Shields
   262 | D:2      | Reached skill level 1 in Spellcasting
   262 | D:2      | Reached skill level 1 in Invocations
   262 | D:2      | Reached skill level 1 in Evocations
   386 | D:2      | Reached XP level 4. HP: 32/34 MP: 5/5
   739 | D:1      | Reached skill level 1 in Conjurations
   739 | D:1      | Reached skill level 1 in Hexes
   739 | D:1      | Reached skill level 1 in Summonings
   739 | D:1      | Reached skill level 1 in Necromancy
   739 | D:1      | Reached skill level 1 in Translocations
   739 | D:1      | Reached skill level 1 in Fire Magic
   739 | D:1      | Reached skill level 1 in Ice Magic
   739 | D:1      | Reached skill level 1 in Air Magic
   739 | D:1      | Reached skill level 1 in Earth Magic
   739 | D:1      | Reached skill level 1 in Alchemy
  1086 | D:2      | Noticed Sigmund
  1147 | D:2      | Killed Sigmund
  1148 | D:2      | Reached skill level 5 in Dodging
  1148 | D:2      | Reached XP level 5. HP: 9/41 MP: 5/7
  1148 | D:2      | Reached XP level 6. HP: 10/47 MP: 5/8
  1988 | D:4      | Noticed Grinder
  1996 | D:4      | Killed Grinder
  1997 | D:4      | Reached XP level 7. HP: 48/52 MP: 10/10
  2030 | D:4      | Found Nosmaqeg's Armour Emporium.
  2037 | D:4      | Bought a +0 chain mail for 54 gold pieces
  2123 | D:3      | Noticed Natasha
  2129 | D:3      | Killed Natasha
  2143 | D:3      | Found a snail-covered altar of Cheibriados.
  2151 | D:3      | Noticed Natasha
  2156 | D:3      | Killed Natasha
  2183 | D:3      | Found a sacrificial altar of Ru.
  2221 | D:3      | Found Voum's Antique Weapon Shop.
  2916 | D:4      | Found a staircase to the Ecumenical Temple.
  2934 | Temple   | Entered the Ecumenical Temple
  3026 | Temple   | Became a worshipper of the Wu Jian Council
  3115 | D:5      | Entered Level 5 of the Dungeon
  3115 | D:5      | Noticed Duvessa
  3115 | D:5      | Noticed Dowan
  3132 | D:4      | Noticed Menkaure
  3177 | D:4      | Killed Menkaure
  3301 | D:4      | Reached XP level 8. HP: 59/60 MP: 12/12
  3494 | D:4      | Found a runed translucent door.
  3495 | D:4      | Noticed Crazy Yiuf
  3501 | D:4      | Killed Crazy Yiuf
  3572 | D:4      | Killed Dowan
  3583 | D:4      | Killed Duvessa
  3862 | D:5      | Identified the ring of Utubyo {Ice ^Drain +Blink Dex+4}
  3968 | D:6      | Found a sand-covered staircase.
  3974 | Ossuary  | Entered an ossuary
  4187 | Ossuary  | Reached * piety under Wu Jian
  4626 | Ossuary  | Reached XP level 9. HP: 66/66 MP: 14/14
  4770 | D:5      | Found a transporter.
  4800 | D:5      | Found a transporter.
  5080 | D:5      | Found a bloodstained altar of Trog.
  5080 | D:5      | Found a blossoming altar of Fedhas.
  5082 | D:5      | Found a hide-covered altar of Uskayaw.
  5173 | D:5      | Reached ** piety under Wu Jian
  5179 | D:5      | Reached skill level 5 in Fighting
  5352 | D:5      | Identified the +0 robe of Green Liberty {^Contam +Blink
                  | rElec rPois Dex+6}
  6033 | D:6      | Reached skill level 5 in Invocations
  6550 | D:7      | Noticed Jeremiah
  7059 | D:7      | Identified the +6 trident "Keforuah" {heavy, rC++ Dex-4}
  7355 | D:8      | Learned a level 3 spell: Mephitic Cloud
  7362 | D:8      | Learned a level 4 spell: Summon Lightning Spire
  7367 | D:8      | Learned a level 4 spell: Brom's Barrelling Boulder
  7572 | D:8      | Reached skill level 5 in Short Blades
  7572 | D:8      | Reached skill level 5 in Long Blades
  7572 | D:8      | Reached skill level 5 in Axes
  7572 | D:8      | Reached skill level 5 in Maces & Flails
  7572 | D:8      | Reached skill level 5 in Polearms
  7572 | D:8      | Reached skill level 5 in Staves
  7572 | D:8      | Reached skill level 5 in Ranged Weapons
  7572 | D:8      | Reached skill level 5 in Throwing
  7572 | D:8      | Reached skill level 5 in Armour
  7572 | D:8      | Reached skill level 5 in Stealth
  7572 | D:8      | Reached skill level 5 in Shields
  7572 | D:8      | Reached skill level 5 in Spellcasting
  7572 | D:8      | Reached skill level 5 in Evocations
  7572 | D:8      | Reached XP level 10. HP: 76/76 MP: 9/17
  8006 | D:7      | Killed Jeremiah
  8151 | D:7      | Noticed Prince Ribbit
  8160 | D:7      | Killed Prince Ribbit
  8367 | D:9      | Found Ydacuygh's Overcharged Wands.
  8437 | D:8      | Learned a level 2 spell: Blink
  8665 | D:8      | Reached skill level 5 in Alchemy
  8871 | D:9      | Found a flagged portal.
  8898 | Bailey   | Entered a bailey
  9171 | Bailey   | Reached *** piety under Wu Jian
 10047 | Bailey   | Learned a level 3 spell: Stone Arrow
 10459 | Bailey   | Reached skill level 5 in Conjurations
 10459 | Bailey   | Reached skill level 5 in Hexes
 10459 | Bailey   | Reached skill level 5 in Summonings
 10459 | Bailey   | Reached skill level 5 in Necromancy
 10459 | Bailey   | Reached skill level 5 in Translocations
 10459 | Bailey   | Reached skill level 5 in Fire Magic
 10459 | Bailey   | Reached skill level 5 in Ice Magic
 10459 | Bailey   | Reached skill level 5 in Air Magic
 10459 | Bailey   | Reached skill level 5 in Earth Magic
 10463 | Bailey   | Reached XP level 11. HP: 59/83 MP: 20/20
 10645 | D:9      | Identified a scroll of acquirement
 10645 | D:9      | Acquired 1042 gold pieces
 11553 | D:8      | Reached **** piety under Wu Jian
 11638 | D:9      | Noticed a two-headed ogre
 11701 | D:8      | Killed a two-headed ogre
 12053 | D:9      | Identified the +1 falchion "Yckaimaj" {flame, rF+++ rC+
                  | Will- Str+3 Int-5}
 12144 | D:10     | Entered Level 10 of the Dungeon
 12158 | D:10     | Noticed Psyche
 12171 | D:10     | Killed Psyche
 13066 | D:10     | Noticed Nergalle
 13215 | D:10     | Killed Nergalle
 13319 | D:10     | Noticed a manticore
 13337 | D:10     | Killed a manticore
 13460 | D:10     | Noticed Erica
 13920 | D:10     | HP: 4/84 [Erica/+2 scimitar of flaming (3)]
 13920 | D:10     | HP: 1/84 [constriction (3)]
 13921 | D:10     | Constricted to death by Erica

Illustrated notes

Levels and vault maps discovered:
D:1:      psy_arrival_terrarium, layout_rooms
D:2:      layout_loops_cross, amethyst_killhole, uniq_jessica, uniq_sigmund
D:3:      layout_loops_ring, jmf_multi_god_temple, serial_shops, shop,
          uniq_natasha
D:4:      layout_rooms, minmay_temple_entry_glass, serial_glass,
          glass_columns_b, glass_columns_a, glass_columns_c, glass_columns_b,
          glass_columns_b, glass_columns_a, glass_columns_a, glass_columns_a,
          serial_shops, nicolae_shop_pleasant_corner_grove, uniq_grinder,
          uniq_crazy_yiuf_cottage, uniq_menkaure
D:5:      gammafunk_cloud_chamber, layout_basic, nicolae_overflow_hidden_temple,
          minmay_misc_feat_tower, dreamdust_mushroom_princess, uniq_duvessa
D:6:      layout_loops_corners, enter_ossuary_3, serial_bayou_pond_d,
          minmay_fractal_squares_5
D:7:      layout_rooms, minmay_quadrilaterals, uniq_jeremiah,
          uniq_prince_ribbit1
D:8:      layout_basic
D:9:      layout_cave_pools, enter_bailey_4, nicolae_shop_overcharged_wands
D:10:     layout_loops_ring, erik_lair_dragon, uniq_erica, uniq_psyche,
          uniq_nergalle
D:11:     layout_cave_pools
Temple:   minmay_crystal_spiral_temple

Skill      XL: |  1  2  3  4  5  6  7  8  9 10 11 |
---------------+----------------------------------+-----
Short Blades   | 1 2 3 5 6 |  6.7
Long Blades    | 1 2 3 5 6 |  6.7
Axes           | 1 2 3 5 6 |  6.7
Maces & Flails | 1 2 3 5 6 |  6.7
Polearms       | 1 2 3 5 6 |  6.7
Staves         | 1 2 3 5 6 |  6.7
Ranged Weapons | 1 2 3 5 6 |  6.7
Throwing       | 1 2 3 5 6 |  6.7
Armour         | 1 2 3 5 6 |  6.7
Stealth        | 1 2 3 5 6 |  6.7
Shields        | 1 2 3 5 6 7 |  7.3
Spellcasting   | 1 2 3 5 6 |  6.7
Invocations    | 1 2 3 4 5 6 7 |  7.4
Evocations     | 1 2 3 5 6 |  6.7
Conjurations   | 1 2 3 4 5 |  5.5
Hexes          | 1 2 3 4 5 |  5.5
Summonings     | 1 2 3 4 5 |  5.5
Necromancy     | 1 2 3 4 5 |  5.5
Translocations | 1 2 3 4 5 |  5.5
Fire Magic     | 1 2 3 4 5 |  5.5
Ice Magic      | 1 2 3 4 5 |  5.5
Air Magic      | 1 2 3 4 5 |  5.5
Earth Magic    | 1 2 3 4 5 |  5.5
Alchemy        | 1 2 3 4 5 6 |  6.8
Fighting       | 3 4 5 6 7 |  7.2
Dodging        | 5 6 7 8 |  8.2
Unarmed Combat | 7 8 9 |  9.5
Shapeshifting  | 7 8 9 |  9.1

Action                     |  1- 3 |  4- 6 |  7- 9 | 10-12 || total
---------------------------+-------+-------+-------+-------++-------
  Melee: Unarmed           |    34 |    89 |   345 |   435 ||   903
         Punch             |     1 |     2 |     8 |       ||    11
         Bite              |     4 |     7 |    34 |    64 ||   109
  Throw: Boomerang         |       |     1 |    20 |       ||    21
   Cast: Brom's Barrelling |       |       |     2 |    31 ||    33
         Summon Lightning  |       |       |       |     8 ||     8
         Stone Arrow       |       |       |       |     5 ||     5
         Mephitic Cloud    |       |       |       |     4 ||     4
         Blink             |       |       |       |     3 ||     3
Ability: Lunge             |       |       |    21 |    39 ||    60
         Whirlwind         |       |       |     9 |    36 ||    45
         Wall Jump         |       |       |    16 |    46 ||    62
  Evoke: Wand              |       |     1 |     4 |     2 ||     7
    Use: Scroll            |       |       |    16 |     8 ||    24
         Potion            |       |       |     7 |     3 ||    10
   Stab: Distracted        |       |       |       |     1 ||     1
         Confused          |       |       |       |     4 ||     4
 Armour: Animal skin       |    19 |    38 |       |       ||    57
         Chain mail        |       |       |   214 |       ||   214
         Skin              |       |       |    29 |   242 ||   271
  Dodge: Dodged            |    23 |    46 |   152 |   500 ||   721
   Form: Flux              |       |       |     1 |       ||     1

Table legend: (Time is in decaauts)
 A = Elapsed time spent in this place.
 B = Non-inter-level travel time spent in this place.
 C = Inter-level travel time spent in this place.
 D = Time resting spent in this place.
 E = Time spent auto-exploring this place.
 F = Levels seen in this place.
 G = Mean time per level.
                   A        B        C        D        E       F      G
               +--------+--------+--------+--------+--------+-----+--------+
         Total |  13938 |  13666 |    272 |   2670 |   5087 |  14 |  995.6 |
       Dungeon |  11370 |  11098 |    272 |   2076 |   4858 |  11 | 1033.6 |
        Temple |    192 |    192 |      0 |      4 |      0 |   1 |  192.0 |
       Ossuary |    648 |    648 |      0 |     73 |    229 |   1 |  648.0 |
        Bailey |   1727 |   1727 |      0 |    517 |      0 |   1 | 1727.0 |
               +--------+--------+--------+--------+--------+-----+--------+

Top non-repeatable levels by time:
     D:8: 2169 daAuts
  Bailey: 1727 daAuts
     D:6: 1521 daAuts
     D:9: 1372 daAuts
     D:4: 1051 daAuts
     D:2: 1034 daAuts
     D:7: 978 daAuts
     D:5: 960 daAuts
     D:3: 906 daAuts
    D:10: 836 daAuts
 Ossuary: 648 daAuts
     D:1: 539 daAuts
  Temple: 192 daAuts
    D:11: 1 daAuts
